 Dungeon Crawl Stone Soup version 0.26.1-2-gb8aa6d0cf2 (webtiles) character file.

Game seed: 12057638448914923736

152 ubername the Stinger (level 5, -5/57 HPs)
             Began as a Draconian Venom Mage on Mar 17, 2021.
             Was a Believer of Dithmenos.
             Killed from afar by an orc wizard (11 damage)
             ... with a puff of flame
             ... on level 3 of the Dungeon.
             The game lasted 00:10:09 (3550 turns).

ubername the Stinger (Draconian Venom Mage)         Turns: 3550, Time: 00:10:10

Health: -5/57      AC: 22    Str: 10    XL:     5   Next: 11%
Magic:  1/9        EV:  2    Int: 16    God:    Dithmenos [**....]
Gold:   216        SH:  3    Dex: 12    Spells: 9/10 levels left

rFire    . . .     SeeInvis .   d - +0 dagger
rCold    + . .     Faith    .   k - +0 buckler
rNeg     + + +     Spirit   .   (armour unavailable)
rPois    +         Reflect  .   (helmet currently unavailable)
rElec    .         Harm     .   (cloak currently unavailable)
rCorr    .         Rampage  .   (gloves currently unavailable)
Will     .....     NoTele   +   (boots currently unavailable)
Stlth    ++........             (no amulet)
HPRegen  0.19/turn              j - ring of protection from cold
MPRegen  0.11/turn              (no ring)

@: tree-form, wreathed by umbra
A: unfitting armour, AC +5
a: Renounce Religion, Shadow Step


You were on level 3 of the Dungeon.
You worshipped Dithmenos.
Dithmenos was pleased with you.
You were a tree.
You visited 1 branch of the dungeon, and saw 3 of its levels.

You collected 216 gold pieces.

Inventory:

Hand Weapons
 d - a +0 dagger (weapon)
Missiles
 e - 122 stones
Armour
 k - a +0 buckler (worn)
Jewellery
 j - a ring of protection from cold (left branch)
Scrolls
 a - 6 scrolls of identify
 f - 2 scrolls of remove curse
 h - a scroll of teleportation
 i - a scroll of magic mapping {unknown}
 m - a scroll of immolation {unknown}
 o - a scroll of amnesia {unknown}
Potions
 c - 3 potions of lignification
 g - a potion of heal wounds {unknown}
 l - a potion of brilliance {unknown}
 n - a potion of cancellation {unknown}
 p - a potion of curing {unknown}


   Skills:
 + Level 0.2 Fighting
 + Level 1.2 Short Blades
 + Level 2.1 Dodging
 + Level 1.9 Stealth
 + Level 3.0 Spellcasting
 + Level 2.1 Transmutations
 + Level 4.2 Poison Magic


You had 9 spell levels left.
You knew the following spells:

 Your Spells              Type           Power        Failure   Level
a - Sting                 Tmut/Pois      48%          9%          1

Your spell library contained the following spells:

 Spells                   Type           Power        Failure   Level
 Poisonous Vapours        Pois/Air       18%          21%         2
 Ignite Poison            Fire/Tmut/Pois 9%           36%         3
 Mephitic Cloud           Conj/Pois/Air  6%           47%         3
 Olgreb's Toxic Radiance  Pois           15%          50%         4


Dungeon Overview and Level Annotations

Branches:
Dungeon (3/15)

Altars:
Dithmenos
Trog
Uskayaw


Innate Abilities, Weirdness & Mutations

((Your plain brown scales are hard. (AC +5)))
You cannot fit into any form of body armour.
((You are cold-blooded and may be slowed by cold attacks.))


Message History

The orc wizard hits you but does no damage.
A giant cockroach comes into view.
The orc barely misses you. You block the orc wizard's attack.
The orc wizard hits you but does no damage.
The orc hits you but does no damage.
The orc wizard looks encouraged for a moment.
The orc wizard hits you but does no damage.
The orc hits you but does no damage.
The orc wizard hits you but does no damage.
The orc hits you but does no damage.
The orc wizard gestures at you while chanting.
The puff of frost hits you but does no damage.
The orc wizard points at you and mumbles some strange words.
The magic dart hits you.
* * * LOW HITPOINT WARNING * * *
The orc hits you but does no damage.
The orc wizard gestures at you while chanting.
The puff of flame hits you!
You die...

#.......##.#..............
#.....####................
#.....#.#.#o....#.#...#.#.
##.#.#.#.#.#.#.#.#. ..#.#
##.#.#.#.#.#.#. .#.#
#.#.#.#.#o#.#. #.
##.#.#.#)#$#.# #g
#.#.#.#o#o#.#.# #
##.#.#.#♣#.#.#.# ......
#.#.#.#.....#.#.# .....
##.#.#.#.....#.#.# ....
#.#.#.#.....#.....#.#.
##.#.# #.#.#.#...#.#.
....# .#.#.#....' . ...# .
# #.#... .. . #'..


You could see an orc wizard (fast) and an orc.

Vanquished Creatures
  Robin (D:3)
  5 adders
  A worm (D:2)
  3 dart slugs
  2 leopard geckos
  3 orcs (D:3)
  7 bats
  2 giant cockroaches (D:1)
  19 goblins
  13 hobgoblins
  2 quokkas (D:2)
  2 frilled lizards
  10 kobolds
  14 rats
84 creatures vanquished.

Notes
Turn   | Place    | Note
-------+----------+-------------------------------------------
     0 | D:1      | ubername the Draconian Venom Mage began the quest for the
                  | Orb.
     0 | D:1      | Reached XP level 1. HP: 14/14 MP: 3/3
   457 | D:1      | Reached XP level 2. HP: 20/20 MP: 3/5
  1259 | D:1      | Reached XP level 3. HP: 26/26 MP: 4/6
  1332 | D:2      | Found a faded altar of an unknown god.
  1342 | D:2      | Became a worshipper of Dithmenos the Shadowed
  1342 | D:2      | Reached * piety under Dithmenos
  1484 | D:2      | Reached skill level 1 in Short Blades
  1902 | D:2      | Noticed Robin
  1939 | D:3      | Killed Robin
  1940 | D:3      | Reached XP level 4. HP: 21/33 MP: 1/8
  2119 | D:2      | Reached ** piety under Dithmenos
  2319 | D:2      | Found a hide-covered altar of Uskayaw.
  2339 | D:2      | Reached skill level 4 in Poison Magic
  2563 | D:2      | Found a bloodstained altar of Trog.
  3476 | D:3      | Reached XP level 5. HP: 38/38 MP: 6/9
  3550 | D:3      | Killed from afar by an orc wizard

Illustrated notes

Levels and vault maps discovered:
D:1:      dpeg_arrival_stone_temple_mockup, layout_basic, chequers_jeans
D:2:      layout_rooms, lemuel_coloured_pillars_altar,
          eat_drink_and_be_merry_uskayaw, chequers_ecumenical_altar_simple,
          serial_rivers, chequers_serial_rivers_room_b,
          chequers_serial_rivers_room_a, chequers_serial_rivers_marsh,
          chequers_serial_rivers_small_b, chequers_serial_rivers_room_a,
          minmay_rat_gold_closets, uniq_robin
D:3:      layout_basic, lemuel_crystal_altar, minmay_surrounded, uniq_jessica

Skill      XL: |  1  2  3  4 |
---------------+-------------+-----
Dodging        | 2 |  2.1
Short Blades   | 1 |  1.2
Poison Magic   | 4 |  4.2
Spellcasting   | 3 |  3.0
Transmutations | 2 |  2.1
Fighting       | |  0.2
Stealth        | |  1.9

Action                   |  1- 3 |  4- 6 || total
-------------------------+-------+-------++-------
Melee: Dagger            |    44 |    45 ||    89
       Tailslap          |     4 |     3 ||     7
 Cast: Sting             |    54 |    72 ||   126
  Use: Scroll            |     2 |     2 ||     4
       Potion            |       |     2 ||     2
Armor: Skin              |    21 |    29 ||    50
Dodge: Dodged            |    56 |    64 ||   120
Block: Buckler           |       |     8 ||     8
